 Dungeon Crawl Stone Soup version 0.28-a0-1447-ga5a8893891 (webtiles) character file.

Game seed: 16196358072149741603

89 AttackTheMoon the Chucker (level 4, 45/48 HPs)
             Began as an Ogre Hunter on Jan 5, 2022.
             Quit the game on level 2 of the Dungeon on Jan 11, 2022.
             The game lasted 00:03:19 (2547 turns).

AttackTheMoon the Chucker (Ogre Hunter)             Turns: 2547, Time: 00:03:20

Health: 45/48      AC:  4    Str: 18    XL:     4   Next: 55%
Magic:  4/4        EV:  9    Int: 12    God:
Gold:   39         SH:  0    Dex:  9    Spells: 3/3 levels left

rFire   . . .      SeeInvis .   f - +0 club
rCold   . . .      Faith    .   (no shield)
rNeg    . . .      Spirit   .   b - +1 robe
rPois   .          Reflect  .   (helmet restricted)
rElec   .          Harm     .   (no cloak)
rCorr   .          Rampage  .   (gloves unavailable)
Will    .....                   (boots unavailable)
Stlth   +.........              (no amulet)
HPRegen 0.16/turn               (no ring)
MPRegen 0.09/turn               (no ring)

@: no status effects
A: large, unfitting armour, tough skin 1
a: no special abilities


You were on level 2 of the Dungeon.
You visited 1 branch of the dungeon, and saw 2 of its levels.

You collected 39 gold pieces.

Inventory:

Hand Weapons
 a - a +0 short sword
 f - a +0 club (weapon)
Missiles
 c - 2 large rocks (quivered)
 d - 2 throwing nets
Armour
 b - a +1 robe (worn)
Scrolls
 g - a scroll of identify
 j - 2 scrolls of silence
 k - a scroll of torment {unknown}
Potions
 e - a potion of lignification
 h - a potion of invisibility {unknown}
 i - a potion of heal wounds {unknown}


   Skills:
 + Level 4.2 Fighting
 + Level 1.6 Maces & Flails
 + Level 4.7 Throwing
 - Level 1.7 Dodging
 - Level 0.6 Stealth


You had 3 spell levels left.
You didn't know any spells.
Your spell library contained the following spells:

 Spells                   Type           Power      Damage    Failure   Level
 Gell's Gravitas          Tloc           0%         N/A       69%         3
 Lesser Beckoning         Tloc           0%         N/A       69%         3
 Teleport Other           Tloc           0%         N/A       69%         3


Dungeon Overview and Level Annotations

Branches:
Dungeon (2/15)

Altars:


Innate Abilities, Weirdness & Mutations

You are too large for most types of armour.
You have tough skin. (AC +1)


Message History

No target in view!
No target in view!
No target in view!
No target in view!
No target in view!
No target in view!
No target in view!
No target in view!
No target in view!
d - 2 throwing nets;
c - 2 large rocks You see here an adder corpse.
c - 3 large rocks (gained 1)
An adder comes into view.
The adder hisses angrily.
An adder is nearby!
An adder is nearby!
An adder is nearby!
You throw a large rock. The large rock misses the adder.
Throw: 2 large rocks
Press: ? - help, Q - select action, (/) - cycle Shift-Dir - straight line, f/p - adder
Aim: an adder (40% to hit)
You throw a large rock.
The large rock closely misses the adder.
The adder bites you but does no damage. The adder bites you.
You hit the adder.
The adder is moderately wounded.
The adder bites you but does no damage. x2
You miss the adder. You punch the adder.
The adder is heavily wounded.
The adder barely misses you.
You barely miss the adder.
The adder is heavily wounded.
The adder bites you. The adder bites you but does no damage.
You closely miss the adder.
The adder is heavily wounded.
The adder bites you but does no damage.
You hit the adder.
You kill the adder!
c - 2 large rocks (gained 1) Are you sure you want to abandon this character and quit the game? (Confirm with "yes".)

### #.. #.# #.#
########### #(#
#.........# #.# .
####.........###@##....
.....#.†................
##..###......###.#......
...## ##.....# #.#.....#
....# #....#####.#####.#
.#.## ##.#........... .
#### #+##(.......# #
##.......# ####
####.......#


There were no monsters in sight!

Vanquished Creatures
  5 adders (D:2)
  2 dart slugs (D:1)
  2 ball pythons (D:1)
  5 endoplasms
  A giant cockroach (D:1)
  3 goblins (D:1)
  8 hobgoblins (D:1)
  A quokka (D:2)
  5 bats
  4 frilled lizards
  3 kobolds (D:1)
39 creatures vanquished.

Vanquished Creatures (others)
  A plant (D:1)
1 creature vanquished.

Grand Total: 40 creatures vanquished

Notes
Turn   | Place    | Note
-------+----------+-------------------------------------------
     0 | D:1      | AttackTheMoon the Ogre Hunter began the quest for the Orb.
     0 | D:1      | Reached XP level 1. HP: 22/22 MP: 1/1
   138 | D:1      | Reached XP level 2. HP: 28/31 MP: 2/2
   606 | D:1      | Reached XP level 3. HP: 19/37 MP: 3/3
  1150 | D:1      | Reached skill level 1 in Maces & Flails
  2057 | D:2      | Reached XP level 4. HP: 18/48 MP: 4/4
  2254 | D:2      | Upgraded the game from 0.28-a0-1404-g4df0f3684d to
                  | 0.28-a0-1447-ga5a8893891
  2547 | D:2      | Quit the game

Illustrated notes

Levels and vault maps discovered:
D:1:      kilobyte_arrival_exit_the_forest, layout_basic
D:2:      layout_basic, minmay_fractal_squares_gapless_5

Skill      XL: |  1  2  3 |
---------------+----------+-----
Fighting       | 3 4 |  4.2
Maces & Flails | 1 |  1.6
Throwing       | |  4.7
Dodging        | |  1.7
Stealth        | |  0.6

Action                   |  1- 3 |  4- 6 || total
-------------------------+-------+-------++-------
Melee: Short sword       |     8 |       ||     8
       Club              |   153 |    31 ||   184
       Punch             |       |     1 ||     1
Throw: Large rock        |    18 |    12 ||    30
       Throwing net      |       |     2 ||     2
  Use: Scroll            |     4 |       ||     4
 Stab: Sleeping          |     1 |       ||     1
Armor: Robe              |    90 |    20 ||   110
Dodge: Dodged            |    95 |    28 ||   123

Table legend: (Time is in decaauts)
 A = Elapsed time spent in this place.
 B = Non-inter-level travel time spent in this place.
 C = Inter-level travel time spent in this place.
 D = Time resting spent in this place.
 E = Time spent auto-exploring this place.
 F = Levels seen in this place.
 G = Mean time per level.
                   A        B        C        D        E       F      G
               +--------+--------+--------+--------+--------+-----+--------+
         Total |   2623 |   2583 |     40 |    127 |   2026 |   2 | 1311.5 |
       Dungeon |   2623 |   2583 |     40 |    127 |   2026 |   2 | 1311.5 |
               +--------+--------+--------+--------+--------+-----+--------+

Top non-repeatable levels by time:
     D:1: 1864 daAuts
     D:2: 758 daAuts
